 Dungeon Crawl Stone Soup version 0.27-a0-977-gec49774 (webtiles) character file.

Game seed: 15635153379960341746

26 Nithhogg the Skirmisher (level 2, -6/24 HPs)
             Began as a Demonspawn Fighter on Apr 13, 2021.
             Killed from afar by a white imp (10 damage)
             ... with a puff of frost
             ... summoned by Natasha
             ... on level 2 of the Dungeon on Apr 14, 2021.
             The game lasted 00:02:25 (1187 turns).

Nithhogg the Skirmisher (Demonspawn Fighter)        Turns: 1187, Time: 00:02:25

Health: -6/24      AC:  6    Str: 16    XL:     2   Next: 89%
Magic:  2/2        EV:  7    Int:  9    God:
Gold:   77         SH: 12    Dex: 12    Spells: 1/1 levels left

rFire    . . .     SeeInvis .   a - +0 war axe
rCold    . . .     Faith    .   c - +0 kite shield
rNeg     . . .     Spirit   .   b - +0 scale mail
rPois    .         Reflect  .   (no helmet)
rElec    .         Harm     .   (no cloak)
rCorr    .         Rampage  .   (no gloves)
Will     .....                  (no boots)
Stlth    ..........             (no amulet)
HPRegen  0.08/turn              (no ring)
MPRegen  0.08/turn              (no ring)

@: slowed, very slow
A: large bone plates 1
a: no special abilities


You were on level 2 of the Dungeon.
You visited 1 branch of the dungeon, and saw 2 of its levels.

You collected 77 gold pieces.

Inventory:

Hand Weapons
 a - a +0 war axe (weapon)
Armour
 b - a +0 scale mail (worn)
 c - a +0 kite shield (worn)
Scrolls
 e - a scroll of fog {unknown}
 i - a scroll of enchant weapon {unknown}
 j - a scroll of vulnerability {unknown}
 l - a scroll of amnesia {unknown}
Potions
 d - a potion of might
 f - 2 potions of lignification {unknown}
 g - a potion of curing {unknown}
 h - a potion of degeneration {unknown}
 k - 2 potions of heal wounds {unknown}


   Skills:
 + Level 3.2 Fighting
 + Level 2.1 Axes
 + Level 2.9 Armour
 + Level 0.8 Dodging
 - Level 2.6 Shields
 + Level 1.3 Invocations


You had one spell level left.
You didn't know any spells.
Your spell library was empty.

Dungeon Overview and Level Annotations

Branches:
Dungeon (2/15)

Altars:

Annotations:
D:2 Natasha


Innate Abilities, Weirdness & Mutations

You are partially covered in large bone plates. (SH +4)


Message History

No target in view!
No target in view!
You see here a frilled lizard corpse.
You now have 77 gold pieces (gained 10).
Found a shortbow.
An endoplasm comes into view.
You see here a +0 shortbow.
An endoplasm is nearby!
Natasha, Servant of Life and Death comes into view.
Natasha hisses angrily.
Natasha mumbles some strange words.
The endoplasm freezes you.
You are frozen.
You hit the endoplasm.
The endoplasm is almost dead.
You block the endoplasm's attack. Natasha casts a spell at you.
The magic dart hits you. The white imp gestures at you.
The puff of frost hits you.
The endoplasm hits you but does no damage.
You are too injured to fight recklessly!
You are too injured to fight recklessly!
You are too injured to fight recklessly!
You slash the endoplasm!
You kill the endoplasm!
Natasha stares at you and mumbles some strange words.
You feel yourself slow down.
There are monsters nearby!
You are too injured to fight recklessly!
Natasha claws you.
You closely miss Natasha. The white imp gestures at you.
You block the puff of frost. You block Natasha's attack.
Natasha casts a spell at you. The magic dart hits you!
* * * LOW HITPOINT WARNING * * *
The white imp gestures at you. The puff of frost hits you!
You die...

............ ..
...........#
##.######....#>.####
##.....#.........##..
##.............#...#..
#.................)#..
#.....................
#....5h..........#.#..
#....@.............#..
#...............#..#..
#.....................
##.............#.#..#.
##.).........#..#....
##.####.#####......##
###.......#......##..##
#......###.............
##........†....######.##


You could see Natasha and a white imp (summoned).

Vanquished Creatures
  A dart slug (D:2)
  3 endoplasms (D:2)
  A goblin (D:2)
  4 hobgoblins
  A jackal (D:2)
  4 kobolds
  2 quokkas (D:2)
  A ball python (D:2)
  A bat (D:1)
  2 frilled lizards (D:2)
  2 rats
22 creatures vanquished.

Vanquished Creatures (others)
  2 plants (D:1)
2 creatures vanquished.

Grand Total: 24 creatures vanquished

Notes
Turn   | Place    | Note
-------+----------+-------------------------------------------
     0 | D:1      | Nithhogg the Demonspawn Fighter began the quest for the
                  | Orb.
     0 | D:1      | Reached XP level 1. HP: 18/18 MP: 1/1
   573 | D:1      | Found a faded altar of an unknown god.
   701 | D:1      | Upgraded the game from 0.27-a0-972-gd1521fd to
                  | 0.27-a0-977-gec49774
   727 | D:2      | Gained mutation: You are partially covered in large bone
                  | plates. (SH +4) [demonic ancestry]
   727 | D:2      | Reached XP level 2. HP: 23/24 MP: 2/2
   774 | D:2      | Reached skill level 1 in Invocations
  1182 | D:2      | Noticed Natasha
  1187 | D:2      | Killed from afar by a white imp

Illustrated notes

Levels and vault maps discovered:
D:1:      mushboom_english_gardens, layout_basic,
          chequers_ecumenical_altar_twisty, serial_bayou, serial_bayou_pond_e,
          serial_bayou_ford_a, serial_bayou_pond_a, serial_bayou_shore_b
D:2:      layout_rooms, minmay_puff, uniq_natasha

Skill      XL: |  1  2 |
---------------+-------+-----
Axes           | 2 |  2.1
Invocations    | 1 |  1.3
Fighting       | |  3.2
Armour         | |  2.9
Dodging        | |  0.8
Shields        | |  2.6

Action                   || total
-------------------------++-------
Melee: War axe           ||    62
Armor: Scale mail        ||    30
Dodge: Dodged            ||    15
Block: Kite shield       ||    52

Table legend: (Time is in decaauts)
 A = Elapsed time spent in this place.
 B = Non-inter-level travel time spent in this place.
 C = Inter-level travel time spent in this place.
 D = Time resting spent in this place.
 E = Time spent auto-exploring this place.
 F = Levels seen in this place.
 G = Mean time per level.
                   A        B        C        D        E       F      G
               +--------+--------+--------+--------+--------+-----+--------+
         Total |   1242 |   1222 |     20 |      0 |    993 |   2 |  621.0 |
       Dungeon |   1242 |   1222 |     20 |      0 |    993 |   2 |  621.0 |
               +--------+--------+--------+--------+--------+-----+--------+

Top non-repeatable levels by time:
     D:1: 749 daAuts
     D:2: 493 daAuts
